 Dungeon Crawl Stone Soup version 0.31-a0-149-g3fdcc5976a (webtiles) character file.

Game seed: 4479146042291644678

50 qw the Shooter (level 3, -3/31 HPs)
             Began as a Minotaur Hunter on June 7, 2023.
             Slain by an iguana (6 damage)
             ... on level 4 of the Dungeon.
             The game lasted 00:00:42 (2264 turns).

qw the Shooter (Minotaur Hunter)                    Turns: 2264, Time: 00:00:42

Health: -3/31      AC: 10    Str: 15    XL:     3   Next: 55%
Magic:  2/2        EV: 11    Int:  6    God:
Gold:   84         SH:  0    Dex: 15    Spells: 2/2 levels left

rFire   . . .        Y - +0 shortbow
rCold   + . .        (shield currently unavailable)
rNeg    . . .        j - +0 ring mail
rPois   .            (helmet restricted)
rElec   .            (no cloak)
rCorr   .            (no gloves)
SInv    .            f - +0 pair of boots
Will    .....        (no amulet)
Stlth   +            e - +4 ring of protection
HPRegen 0.25/turn    i - ring of protection from cold
MPRegen 0.08/turn

%: no passive effects
@: no status effects
A: horns 2, retaliatory headbutt
a: no special abilities


You were on level 4 of the Dungeon.
You visited 1 branch of the dungeon, and saw 4 of its levels.

You collected 84 gold pieces.


Innate Abilities, Weirdness & Mutations

You have a pair of horns on your head.
You reflexively headbutt those who attack you in melee.


   Skills:
 - Level 3.0 Fighting
 + Level 5.4 Ranged Weapons
 - Level 1.1 Armour
 - Level 2.1 Dodging
 - Level 0.7 Stealth


You had 2 spell levels left.
You didn't know any spells.
Your spell library was empty.

Inventory:

Hand Weapons
 Y - a +0 shortbow (weapon)
Armour
 f - a +0 pair of boots (worn)
 j - a +0 ring mail (worn)
Jewellery
 e - a +4 ring of protection (left hand)
 i - a ring of protection from cold (right hand)
Scrolls
 b - a scroll of identify
Potions
 g - a potion of curing
 k - a potion of heal wounds {unknown}

Dungeon Overview and Level Annotations

Branches:
Dungeon (4/15)
 Temple: D:4-7

Altars:
Hepliaklqana

Shops:
D:1 (

Annotations:
D:3 2 transporters


Message History

The iguana moves out of view.
You shoot an arrow. The arrow closely misses the orc.
The arrow hits the orc.
The orc is moderately wounded.
An orc comes into view. It is wielding a +0 club.
The orc hits you with a +0 hand axe.
The orc wizard gestures wildly while chanting.
The orc wizard flickers and vanishes!
Deactivating autopickup; reactivate with Ctrl-A.
You shoot an arrow. The arrow hits the orc!
You kill the orc!
The orc closely misses you.
You shoot an arrow. The arrow hits the orc.
The orc is severely wounded.
The orc hits you but does no damage.
You shoot an arrow.
The arrow hits the orc but does no damage.
The orc is severely wounded.
The orc hits you with a +0 club.
You shoot an arrow. The arrow closely misses the orc.
The orc closely misses you. The orc hits you with a +0 hand axe.
The orc barely misses you. You furiously retaliate!
You headbutt the orc. The orc closely misses you.
You shoot an arrow. The arrow closely misses the orc.
The orc barely misses you. You furiously retaliate!
You headbutt the orc!
You kill the orc!
Something hits you but does no damage. The orc misses you.
You shoot an arrow. The arrow hits the orc.
You kill the orc!
Something hits you but does no damage.
Your Armour skill increases to level 1!
You shoot an arrow. The arrow hits the iguana!
The iguana is severely wounded.
The iguana bites you.
You hear some strange, mumbled words.
A magic dart appears from out of thin air!
The magic dart hits you!
You hear some strange, mumbled words.
A magic dart appears from out of thin air!
The magic dart hits you! The iguana bites you.
You die...

#............##.#
#............##.#
#.........##.####
##........<...# #
#.##########.#
#.####.# #.#
#....%.# #.#
#......# #.#
#....@)# #.#
##..l{## #.#
#...o. #.#
#...... #.#
#.......
#........
###.......
#........


You could see an iguana and an orc.

Vanquished Creatures
  A worm (D:2)
  10 orcs
  6 ball pythons
  A bat (D:1)
  3 endoplasms
  2 goblins
  3 hobgoblins
  A quokka (D:1)
  A frilled lizard (D:3)
  3 kobolds
  4 rats
35 creatures vanquished.

Notes
Turn   | Place    | Note
-------+----------+-------------------------------------------
     0 | D:1      | qw the Minotaur Hunter began the quest for the Orb.
     0 | D:1      | Reached XP level 1. HP: 18/18 MP: 0/0
     0 | D:1      | 0 ||| qw: Version: 0.2-a-117-gc6b5c8b
     0 | D:1      | 0 ||| qw: Game counter: 2673
     0 | D:1      | 0 ||| qw: Always use a shield: true
     0 | D:1      | 0 ||| qw: God list: Okawaru
     0 | D:1      | 0 ||| qw: Allow faded altars: false
     0 | D:1      | 0 ||| qw: Do Orc after D:15 true
     0 | D:1      | 0 ||| qw: Do second Lair branch before Depths: true
     0 | D:1      | 0 ||| qw: Lair rune preference: random
     0 | D:1      | 0 ||| qw: Plans: Normal
     0 | D:1      | 0 ||| PLANNING D:1-11
   305 | D:1      | Found a faded altar of an unknown god.
   316 | D:1      | Found Ocoic's Weapon Shop.
   587 | D:1      | Reached XP level 2. HP: 25/25 MP: 1/1
   636 | D:1      | 636 ||| UPGRADING to +0 pair of boots.
   641 | D:1      | 641 ||| UPGRADING to +4 ring of protection.
   642 | D:1      | 642 ||| READING scroll labelled FUNIZX NUFE.
   643 | D:1      | 643 ||| DROPPING scroll of butterflies.
   717 | D:2      | Reached skill level 5 in Ranged Weapons
   980 | D:2      | Reached skill level 3 in Fighting
  1258 | D:2      | 1258 ||| UPGRADING to ring of protection from cold.
  1259 | D:2      | 1259 ||| READING scroll labelled FUYSOQ FUSUE.
  1260 | D:2      | 1260 ||| READING 3 scrolls labelled UGIFRO JETT.
  1261 | D:2      | 1261 ||| READING 2 scrolls of identify.
  1261 | D:2      | 1261 ||| IDENTIFYING dark potion
  1262 | D:2      | 1262 ||| DROPPING potion of lignification.
  1294 | D:3      | 1294 ||| STAIRDANCE
  1339 | D:3      | Found a hazy altar of Hepliaklqana.
  1374 | D:3      | Reached XP level 3. HP: 31/31 MP: 2/2
  1524 | D:3      | Found a transporter.
  1540 | D:3      | Found a transporter.
  2075 | D:3      | 2075 ||| UPGRADING to +0 ring mail.
  2085 | D:3      | 2085 ||| DROPPING +0 leather armour.
  2086 | D:3      | 2086 ||| READING scroll labelled QUPENAE WIHEGA.
  2087 | D:3      | 2087 ||| READING scroll labelled KOADID XUROAN.
  2088 | D:3      | 2088 ||| READING scroll labelled REFETW FEECSI.
  2089 | D:3      | 2089 ||| READING 3 scrolls of identify.
  2089 | D:3      | 2089 ||| IDENTIFYING pink potion
  2090 | D:3      | 2090 ||| READING 2 scrolls of identify.
  2090 | D:3      | 2090 ||| IDENTIFYING fuming yellow potion
  2091 | D:3      | 2091 ||| DROPPING potion of brilliance.
  2093 | D:3      | 2093 ||| Stepping ~*~*~tactically~*~*~ (cloud).
  2101 | D:3      | HP: 7/31 [poisoned by you (poison gas)]
  2264 | D:4      | Reached skill level 1 in Armour
  2264 | D:4      | HP: 3/31 [something/magic dart (7)]
  2264 | D:4      | Slain by an iguana

Levels and vault maps discovered:
D:1:      scummos_arrival_simple_fountains, layout_loops_ring, serial_shops,
          nicolae_shop_bloodbath_and_beyond, chequers_ecumenical_altar_twisty
D:2:      layout_basic
D:3:      gammafunk_wand_slinger, layout_loops_corners,
          overflow_temple_1_default, supply_closet_lemuel, minivault_19
D:4:      layout_basic, mainiacjoe_overflow_six_doors_small, temple_green,
          uniq_pikel

Skill      XL: |  1  2  3 |
---------------+----------+-----
Ranged Weapons | 5 |  5.4
Fighting       | 3 |  3.0
Armour         | 1 |  1.1
Dodging        | |  2.1
Stealth        | |  0.7

Action                     || total
---------------------------++-------
   Fire: Shortbow          ||    90
    Use: Scroll            ||     9
 Armour: Leather armour    ||     7
         Ring mail         ||     3
  Dodge: Dodged            ||    20

Table legend:
 A = Non-vault XP
 B = Vault XP
 C = Vault XP percentage of total XP
 D = Non-vault monster count
 E = Vault monster count
 F = Vault count percentage of total count
                 A         B        C        D         E       F
            +---------+---------+-------+---------+---------+-------
      Total |      72 |       0 |   0.0 |      35 |       0 |   0.0
            +---------+---------+-------+---------+---------+-------
        D:1 |      13 |       0 |   0.0 |       8 |       0 |   0.0
        D:2 |      21 |       0 |   0.0 |      10 |       0 |   0.0
        D:3 |      25 |       0 |   0.0 |      12 |       0 |   0.0
        D:4 |      13 |       0 |   0.0 |       5 |       0 |   0.0
            +---------+---------+-------+---------+---------+-------
